 Dungeon Crawl Stone Soup version 0.25-a0-404-gc1b5a34 (webtiles) character file.

Game seed: 4789735128412377448, levelgen mode: deterministic

1903 Dietz the Quickloader (level 9, 0/48 HPs)
             Began as a Kobold Hunter on Jan 11, 2020.
             Was a Priest of Okawaru.
             Slain by Harold
             ... wielding a +1 halberd of venom
              (15 damage)
             ... on level 7 of the Dungeon.
             The game lasted 00:19:04 (7772 turns).

Dietz the Quickloader (Kobold Hunter)               Turns: 7772, Time: 00:19:05

Health: 0/48       AC:  5    Str: 13    XL:     9   Next: 38%
Magic:  14/14      EV: 19    Int: 12    God:    Okawaru [***...]
Gold:   266        SH:  0    Dex: 15    Spells: 8/8 levels left

rFire    . . .     SeeInvis .   b - +0 short sword
rCold    . . .     Gourm    .   (shield restricted)
rNeg     . . .     Faith    .   c - +0 leather armour
rPois    .         Spirit   .   i - +1 helmet
rElec    .         Reflect  .   (no cloak)
rCorr    .         Harm     .   (no gloves)
MR       .....                  (no boots)
Stlth    ++........             (no amulet)
HPRegen  0.16/turn              (no ring)
MPRegen  0.14/turn              (no ring)

@: about to teleport, marked
A: small, carnivore
a: Heroism, Renounce Religion


You were on level 7 of the Dungeon.
You worshipped Okawaru.
Okawaru was most pleased with you.
You were not hungry.

You visited 2 branches of the dungeon, and saw 8 of its levels.

You collected 266 gold pieces.

Inventory:

Hand Weapons
 a - a +5 hand crossbow
 b - a +0 short sword (weapon)
 x - a +0 rapier
 C - a +1 dagger of venom
Missiles
 d - 60 bolts
Armour
 c - a +0 leather armour (worn)
 i - a +1 helmet (worn)
 l - a +0 pair of gloves
Wands
 n - a wand of polymorph (5)
 A - a wand of digging (6)
 B - a wand of disintegration (8)
Scrolls
 g - 5 scrolls of teleportation
 h - 2 scrolls of enchant armour
 j - a scroll of fear {unknown}
 k - 2 scrolls of magic mapping {unknown}
 y - a scroll of remove curse
 z - 3 scrolls of identify
 E - a scroll of random uselessness {unknown}
Potions
 e - 2 potions of flight
 m - 2 potions of lignification {unknown}
 o - 2 potions of heal wounds
 p - a potion of resistance {unknown}
 q - 2 potions of might
 r - 2 potions of curing
 s - 2 potions of agility {unknown}
 t - a potion of degeneration {unknown}
 u - 2 potions of mutation {unknown}
 v - 5 potions of haste
 w - a potion of experience {unknown}
Comestibles
 f - 14 rations


   Skills:
 - Level 2.1 Fighting
 - Level 10.1 Crossbows
 + Level 7.9 Dodging
 - Level 1.3 Stealth
 + Level 6.7 Invocations


You had 8 spell levels left.
You didn't know any spells.
Your spell library contained the following spells:

 Spells                   Type           Power        Failure   Level  Hunger
 Recall                   Summ/Tloc      N/A          77%         3    ####...
 Animate Dead             Necr           N/A          99%         4    #####..
 Borgnjor's Vile Clutch   Necr/Erth      #.........   100%        5    ######.
 Death Channel            Necr           #.........   100%        6    #######
 Simulacrum               Ice/Necr       #.........   100%        6    #######


Dungeon Overview and Level Annotations

Branches:
Dungeon (7/15)             Temple (1/1) D:4

Altars:
Ashenzari
Cheibriados
Dithmenos
Elyvilon
Fedhas
Gozag
Hepliaklqana
Kikubaaqudgha
Makhleb
Nemelex Xobeh
Okawaru
Qazlal
Ru
Sif Muna
Trog
Uskayaw
Vehumet
Wu Jian
Xom
Yredelemnul
Zin
The Shining One

Shops:
D:5 !

Annotations:
D:7 Harold


Innate Abilities, Weirdness & Mutations

You are small and have problems with some larger weapons.
You are carnivorous and can eat meat at any time.


Message History

Harold is heavily wounded.
You feel sick.
Harold hits you from afar with a +1 halberd of venom!!
* * * LOW HITPOINT WARNING * * *
You are more poisoned.
Unknown command.
Okay, then.
* * * LOW HITPOINT WARNING * * *
You feel sick.
Harold throws a throwing net.
The throwing net hits you.
You become entangled in the net!
You see here a throwing net.
You feel better.
b - a +0 short sword (weapon)
As you read the scroll of teleportation, it crumbles to dust.
You feel strangely unstable. Harold fires a harpoon shot at you.
The harpoon shot hits you.
You are yanked forward by the harpoon shot.
Harold hits you from afar with a +1 halberd of venom!
You die...

...####.# #.. ........# #
# #.. .#.###### .#. #..
.#.# #.# #.. <..######
###.# #.. ........#
##.#.# # ### ...####.#
##.#..# (## .#.#
#.###.###.###(..### .#.#
#.##.## ##@.(......
.#.####.###.###..#@...###
.............#..###(.##
#######.#####.#. .## #.#
###. . #.# #. ##
#######.# ## ........#
#########


You could see Harold.

Vanquished Creatures
  Prince Ribbit (D:5)
  A hippogriff (D:7)
  A spriggan (D:7)
  A black bear (D:7)
  4 ogres
  A big kobold (D:7)
  A bullfrog (D:7)
  A scorpion (D:6)
  A crimson imp (D:7)
  3 hounds
  An orc priest (D:3)
  6 orc wizards
  2 iguanas
  A bullfrog skeleton (D:4)
  3 worker ants
  A killer bee zombie (D:7)
  A hound zombie (D:6)
  A gnoll (D:1)
  13 adders
  An adder zombie (D:5)
  8 worms
  2 dart slugs
  A leopard gecko (D:3)
  15 orcs
  2 ball pythons
  3 giant cockroaches
  8 goblins
  7 hobgoblins
  6 jackals
  2 quokkas
  9 bats
  4 frilled lizards
  6 kobolds
  A leopard gecko skeleton (D:4)
  A quokka skeleton (D:6)
  8 rats
128 creatures vanquished.

Notes
Turn   | Place    | Note
-------+----------+-------------------------------------------
     0 | D:1      | Dietz the Kobold Hunter began the quest for the Orb.
     0 | D:1      | Reached XP level 1. HP: 12/12 MP: 1/1
    49 | D:1      | Reached skill level 5 in Crossbows
   168 | D:1      | Reached XP level 2. HP: 11/17 MP: 2/2
   317 | D:1      | Reached XP level 3. HP: 21/21 MP: 3/3
   523 | D:1      | Reached skill level 6 in Crossbows
  1004 | D:2      | Reached XP level 4. HP: 26/26 MP: 4/4
  1651 | D:2      | Reached skill level 7 in Crossbows
  2104 | D:2      | Reached XP level 5. HP: 26/30 MP: 5/5
  3032 | D:3      | Reached skill level 8 in Crossbows
  3377 | D:3      | Found a snail-covered altar of Cheibriados.
  3740 | D:3      | Reached XP level 6. HP: 32/35 MP: 6/6
  3803 | D:4      | Noticed an ogre
  3852 | D:3      | Killed an ogre
  4199 | D:4      | Reached skill level 9 in Crossbows
  4571 | D:4      | Found a staircase to the Ecumenical Temple.
  4581 | Temple   | Entered the Ecumenical Temple
  4749 | Temple   | Became a worshipper of Warmaster Okawaru
  4822 | D:4      | Noticed an ogre
  4827 | D:4      | Killed an ogre
  4827 | D:4      | Reached XP level 7. HP: 40/40 MP: 7/7
  5033 | D:4      | Reached skill level 10 in Crossbows
  5111 | D:4      | Found an ancient bone altar of Kikubaaqudgha.
  5115 | D:4      | Found a blossoming altar of Fedhas.
  5205 | D:4      | Reached skill level 1 in Invocations
  5594 | D:5      | Entered Level 5 of the Dungeon
  5594 | D:5      | Found Opogoe's Distillery.
  5656 | D:5      | Noticed Prince Ribbit
  5703 | D:5      | Killed Prince Ribbit
  5703 | D:5      | Reached * piety under Okawaru
  5703 | D:5      | Reached XP level 8. HP: 44/44 MP: 7/10
  6211 | D:6      | Reached skill level 5 in Dodging
  6736 | D:7      | Reached ** piety under Okawaru
  6852 | D:7      | Noticed a hippogriff
  6859 | D:7      | Killed a hippogriff
  6859 | D:7      | Reached skill level 5 in Invocations
  6859 | D:7      | Reached XP level 9. HP: 27/48 MP: 11/13
  7127 | D:7      | Found an opulent altar of Gozag.
  7536 | D:7      | Found a hide-covered altar of Uskayaw.
  7536 | D:7      | Found a burning altar of Makhleb.
  7543 | D:7      | Reached *** piety under Okawaru
  7760 | D:7      | Noticed Harold
  7772 | D:7      | Slain by Harold

Levels and vault maps discovered:
D:1:      lightli_arrival_quake, layout_rooms
D:2:      layout_basic
D:3:      layout_loops_corners, lemuel_coloured_pillars_altar,
          minmay_misc_feat_room
D:4:      layout_basic, grunt_temple_overflow_growth_and_decay,
          minmay_temple_entry_statues_fountains, cheibrodos_sewer_entry_bend
D:5:      layout_cave_pools, first_ration, serial_shops, shop_statue,
          uniq_prince_ribbit1
D:6:      layout_loops_ring
D:7:      layout_loops_ring, grunt_gozag_statues,
          gammafunk_temple_overflow_pools, the_bakery,
          kennysheep_generic_room_5, uniq_harold, uniq_joseph
Temple:   eino_temple_rhombus

Skill      XL: |  1  2  3  4  5  6  7  8  9 |
---------------+----------------------------+-----
Crossbows      | 5 6 7 8 9 10 | 10.1
Dodging        | 4 6 7 |  7.9
Invocations    | 3 5 6 |  6.7
Fighting       | |  2.1
Stealth        | |  1.3

Action                   |  1- 3 |  4- 6 |  7- 9 || total
-------------------------+-------+-------+-------++-------
Melee: Short sword       |    66 |   182 |    10 ||   258
 Fire: Hand crossbow     |    25 |    83 |   175 ||   283
  Use: Scroll            |       |    13 |     3 ||    16
       Potion            |       |       |     1 ||     1
 Stab: Sleeping          |     1 |     3 |       ||     4
       Distracted        |       |     1 |       ||     1
  Eat: Chunk             |     1 |    12 |     7 ||    20
       Ration            |       |       |     1 ||     1
Armor: Leather armour    |    15 |    65 |    13 ||    93
Dodge: Dodged            |    52 |   192 |    59 ||   303

Table legend:
 A = Non-vault XP
 B = Vault XP
 C = Vault XP percentage of total XP
 D = Non-vault monster count
 E = Vault monster count
 F = Vault count percentage of total count
                 A         B        C        D         E       F
            +---------+---------+-------+---------+---------+-------
      Total |    2052 |     667 |  24.5 |     122 |       6 |   4.7
            +---------+---------+-------+---------+---------+-------
        D:1 |      44 |       0 |   0.0 |      19 |       0 |   0.0
        D:2 |     102 |       0 |   0.0 |      25 |       0 |   0.0
        D:3 |     249 |       0 |   0.0 |      31 |       0 |   0.0
        D:4 |     450 |      10 |   2.2 |      16 |       2 |  11.1
        D:5 |     162 |     296 |  64.6 |       3 |       1 |  25.0
        D:6 |     188 |       0 |   0.0 |       9 |       0 |   0.0
        D:7 |     857 |     361 |  29.6 |      19 |       3 |  13.6
            +---------+---------+-------+---------+---------+-------
